 Dungeon Crawl Stone Soup version 0.20-a0-210-gd6c29eb (webtiles) character file.

2 deepsabbath the Firebug (level 1, -2/10 HPs)
             Began as a Deep Elf Fire Elementalist on Nov 26, 2016.
             Slain by a frilled lizard (3 damage)
             ... on level 1 of the Dungeon.
             The game lasted 00:00:16 (167 turns).

deepsabbath the Firebug (Deep Elf Fire Elementalist) Turns: 167, Time: 00:00:17

Health: -2/10      AC:  2    Str:  5    XL:     1   Next: 25%
Magic:  6/6        EV: 13    Int: 19    God:
Gold:   9          SH:  0    Dex: 15    Spells: 5/6 levels left

rFire  . . .     SeeInvis .     (no weapon)
rCold  . . .     Gourm    .     a - +0 robe
rNeg   . . .     Faith    .     (no shield)
rPois  .         Spirit   .     (no helmet)
rElec  .         Reflect  .     (no cloak)
rCorr  .         Harm     .     (no gloves)
MR     .....                    (no boots)
Stlth  ++........               (no amulet)
                                (no ring)
                                (no ring)

@: no status effects
A: no striking features
a: no special abilities


You were on level 1 of the Dungeon.
You were not hungry.

You visited 1 branch of the dungeon, and saw 1 of its levels.

You collected 9 gold pieces.

Inventory:

Armour
 a - a +0 robe (worn)
Books
 b - a book of Flames
Comestibles
 c - a bread ration {@e1}


   Skills:
 + Level 2.4 Dodging
 + Level 2.4 Stealth
 + Level 3.0 Spellcasting
 + Level 1.2 Conjurations
 + Level 3.4 Fire Magic


You had 5 spell levels left.
You knew the following spells:

 Your Spells              Type           Power        Failure   Level  Hunger
a - Flame Tongue          Conj/Fire      ##...        8%          1    None


Dungeon Overview and Level Annotations

Branches:
Dungeon (1/15)

Altars:


Message History

Welcome, deepsabbath the Deep Elf Fire Elementalist.
It is said that the Orb of Zot exists deep within this dungeon.
Found a staircase leading out of the dungeon.
You now have 9 gold pieces.
A bat comes into view.
Found a stone staircase leading down.
The bat hits you.
You take 1 damage, and have 9/10 hp.
The bat hits you.
You take 1 damage, and have 8/10 hp.
You hit the bat. The bat completely misses you.
The bat hits you but does no damage.
You barely miss the bat. The bat misses you.
You closely miss the bat. The bat hits you but does no damage.
The bat closely misses you.
You barely miss the bat. The bat hits you but does no damage.
You hit the bat. The bat misses you. The bat hits you.
You take 1 damage, and have 7/10 hp.
You barely miss the bat. The bat hits you.
You take 1 damage, and have 6/10 hp.
You are too injured to fight recklessly!
You are too injured to fight recklessly!
You are too injured to fight recklessly!
You are too injured to fight recklessly!
You are too injured to fight recklessly!
You are too injured to fight recklessly!
You are too injured to fight recklessly!
You are too injured to fight recklessly!
You are too injured to fight recklessly!
You are too injured to fight recklessly!
You are too injured to fight recklessly!
You are too injured to fight recklessly!
You are too injured to fight recklessly!
You are too injured to fight recklessly!
You are too injured to fight recklessly!
You are too injured to fight recklessly!
You are too injured to fight recklessly!
You are too injured to fight recklessly!
You hit the bat.
You kill the bat!
You start resting.
Health restored: 10 A frilled lizard comes into view.
A rat comes into view.
You see here 14 gold pieces.
The rat bites you.
You see here 15 arrows.
You take 2 damage, and have 8/10 hp.
The frilled lizard hisses angrily.
You hit the rat but do no damage. The rat closely misses you.
You hit the rat. The rat barely misses you.
You barely miss the rat. The rat bites you.
You take 1 damage, and have 7/10 hp.
You closely miss the rat. The rat closely misses you.
You closely miss the rat. The rat barely misses you.
You hit the rat but do no damage. The rat bites you but does no damage.
You barely miss the rat. The rat misses you.
You closely miss the rat. The rat closely misses you.
You closely miss the rat. The rat closely misses you.
You closely miss the rat. The rat bites you.
You take 2 damage, and have 5/10 hp.
You hit the rat but do no damage. The rat barely misses you.
You hit the rat.
You kill the rat!
You miss the frilled lizard. The frilled lizard barely misses you.
You closely miss the frilled lizard. The frilled lizard barely misses you.
You hit the frilled lizard but do no damage.
The frilled lizard bites you.
You take 1 damage, and have 4/10 hp.
You closely miss the frilled lizard.
The frilled lizard bites you but does no damage.
You completely miss the frilled lizard. The frilled lizard closely misses you.
You closely miss the frilled lizard. The frilled lizard misses you.
You barely miss the frilled lizard. The frilled lizard bites you.
* * * LOW HITPOINT WARNING * * *
You take 2 damage, and have 2/10 hp.
You closely miss the frilled lizard. The frilled lizard bites you.
* * * LOW HITPOINT WARNING * * *
You take 1 damage, and have 1/10 hp.
You hit the frilled lizard. The frilled lizard bites you.
You die...

##...........##..#
##
##.....#+#.....#..#
.# #....###
###...†..####.##
#<.###
###....#......#
#.## ##.....#.##.#
### ##....#(%..# #
# #.....$.#.....
#...#.###...##.#
###
.......@l........#
#.###.####..####.#
.. ...... .# ...
######## # ###


You could see a frilled lizard.

Vanquished Creatures
  A bat (D:1)
  A rat (D:1)
2 creatures vanquished.

Notes
Turn   | Place    | Note
-------+----------+-------------------------------------------
     0 | D:1      | deepsabbath the Deep Elf Fire Elementalist began the quest for the Orb.
     0 | D:1      | Reached XP level 1. HP: 10/10 MP: 6/6
   165 | D:1      | HP: 2/10 [frilled lizard (2)]
   167 | D:1      | Slain by a frilled lizard

Vault maps used:
D:1:      evilmike_arrival_crescent, minmay_domino_4

Action                   || total
-------------------------++-------
Melee: Unarmed           ||    28
Armor: Robe              ||     5
Dodge: Dodged            ||    16

Vault maps used:
D:1:      evilmike_arrival_crescent, minmay_domino_4

Table legend:
 A = Turns spent in this place as a percentage of turns spent in the entire game.
 B = Non-inter-level travel turns spent in this place as a percentage of non-inter-level travel turns spent in the entire game.
 C = Inter-level travel turns spent in this place as a percentage of turns spent in this place.
 D = Turns resting spent in this place as a percentage of non-inter-level travel turns spent in this place.
 E = Turns spent auto-exploring this place as a percentage of non-inter-level travel turns spent in this place.
 F = Non-inter-level travel turns spent in this place divided by the number of levels of this place that you've seen.
                   A       B       C       D       E      F
               +-------+-------+-------+-------+-------+----------------------
         Total | 100.0 | 100.0 |   0.0 |   2.6 |   0.0 |  78.0
       Dungeon | 100.0 | 100.0 |   0.0 |   2.6 |   0.0 |  78.0
               +-------+-------+-------+-------+-------+----------------------

Table legend:
 A = Kills in this place as a percentage of kills in entire the game.
 B = Kills by you in this place as a percentage of kills by you in the entire game.
 C = Kills by friends in this place as a percentage of kills by friends in the entire game.
 D = Other kills in this place as a percentage of other kills in the entire game.
 E = Experience gained in this place as a percentage of experience gained in the entire game.
 F = Experience gained in this place divided by the number of levels of this place that you have seen.
                   A       B       C       D       E      F
               +-------+-------+-------+-------+-------+----------------------
         Total | 100.0 | 100.0 |  -nan |  -nan | 100.0 |   3.0
       Dungeon | 100.0 | 100.0 |  -nan |  -nan | 100.0 |   3.0
               +-------+-------+-------+-------+-------+----------------------
